 Dungeon Crawl Stone Soup version 0.28.0 (webtiles) character file.

Game seed: 9802026736054821839

2635 GrayStillPlays the Skirmisher (level 9, -1/49 HPs)
             Began as a Vine Stalker Berserker on Feb 12, 2022.
             Was a Believer of Trog.
             Slain by a two-headed ogre (8 damage)
             ... on level 8 of the Dungeon.
             The game lasted 00:08:36 (7152 turns).

GrayStillPlays the Skirmisher (VSBe)                Turns: 7152, Time: 00:08:37

Health: -1/49      AC: 15    Str: 23    XL:     9   Next: 61%
Magic:  0/10       EV:  9    Int:  7    God:    Trog [**....]
Gold:   306        SH:  0    Dex: 15    Spells: 8/8 levels left

rFire   . . .      SeeInvis .   a - +0 hand axe {axe}
rCold   . . .      Faith    +   (no shield)
rNeg    . . .      Spirit   +   i - +0 plate armour
rPois   +          Reflect  .   (no helmet)
rElec   .          Harm     .   (no cloak)
rCorr   .          Rampage  .   o - +0 pair of gloves
Will    +++..                   y - +0 pair of boots
Stlth   ..........              E - amulet of faith {!P}
HPRegen 1.96/turn               t - ring of poison resistance
MPRegen 0.12/turn               (no ring)

@: strong-willed, on berserk cooldown, regenerating, slowed, very slow
A: fangs 3, regeneration 1, magic shield, antimagic bite, no potion heal 2
a: Renounce Religion, Berserk, Trog's Hand


You were on level 8 of the Dungeon.
You worshipped Trog.
Trog was pleased with you.
You visited 1 branch of the dungeon, and saw 8 of its levels.

You collected 306 gold pieces.


Innate Abilities, Weirdness & Mutations

You have razor-sharp teeth.
Your natural rate of healing is unusually fast.
When hurt, damage is shared between your health and your magic reserves.
Your bite disrupts and absorbs the magic of your enemies.
Potions cannot restore your health.


   Skills:
 + Level 6.4 Fighting
 + Level 6.4 Axes
 + Level 5.5 Armour
 + Level 5.5 Dodging


You had 8 spell levels left.
You didn't know any spells.
Your spell library contained the following spells:

 Spells                   Type           Power      Damage    Failure   Level
 Ozocubu's Armour         Ice            0%         N/A       100%        3
 Airstrike                Air            0%         N/A       100%        4
 Summon Lightning Spire   Summ/Air       0%         N/A       100%        4
 Lightning Bolt           Conj/Air       0%         1d11      100%        5
 Ozocubu's Refrigeration  Ice            0%         4d5       100%        7

Inventory:

Hand Weapons
 a - a +0 hand axe (weapon) {axe}
 p - a +1 vorpal flail {mace}
   (You took it off an orc on level 3 of the Dungeon)
 F - a +4 spear {polearm}
   (You took it off a gnoll on level 6 of the Dungeon)
 H - a +1 trident of flaming {polearm}
   (You found it on level 6 of the Dungeon)
 L - a +4 scimitar {long}
   (You took it off a wight on level 7 of the Dungeon)
 N - a +2 short sword of speed {short}
   (You took it off a kobold on level 7 of the Dungeon)
 O - a +2 flail of protection {mace}
   (You found it on level 7 of the Dungeon)
 P - a +4 dagger {short}
   (You took it off an orc on level 8 of the Dungeon)
Missiles
 f - 280 stones (quivered) {throwing}
 h - 96 arrows
 v - 6 boomerangs {throwing}
 w - 8 poisoned darts {throwing}
 B - 3 javelins {throwing}
 M - 25 bolts
Armour
 b - a +0 animal skin
 i - a +0 plate armour (worn)
   (You found it on level 1 of the Dungeon)
 o - a +0 pair of gloves (worn)
   (You found it on level 2 of the Dungeon)
 y - a +0 pair of boots (worn)
   (You found it on level 5 of the Dungeon)
 D - a +0 pair of boots
   (You found it on level 6 of the Dungeon)
Magical Staves
 r - a staff of earth {forbidden!astaff}
   (You found it on level 4 of the Dungeon)
Jewellery
 t - a ring of poison resistance (left hand)
   (You found it on level 4 of the Dungeon)
 A - an amulet of the acrobat
   (You found it on level 5 of the Dungeon)
 E - an amulet of faith (around neck) {!P}
   (You found it on level 6 of the Dungeon)
Wands
 G - a wand of digging (5)
   (You found it on level 6 of the Dungeon)
Scrolls
 c - 4 scrolls of magic mapping {unknown}
 e - 3 scrolls of enchant armour {unknown}
 k - a scroll of vulnerability {unknown}
 m - 3 scrolls of teleportation {unknown}
 n - 6 scrolls of identify {unknown}
 q - 2 scrolls of fog {unknown}
 u - a scroll of blinking {unknown}
 x - 2 scrolls of noise {unknown}
 C - a scroll of amnesia {unknown}
 I - a scroll of fear {unknown}
 K - 3 scrolls of immolation {unknown}
Potions
 d - a potion of heal wounds {unknown}
 g - a potion of attraction {unknown}
 j - 2 potions of mutation {unknown}
 l - a potion of flight {unknown}
 s - 2 potions of ambrosia {unknown}
 z - a potion of might {unknown}
 J - a potion of berserk rage {unknown}

Dungeon Overview and Level Annotations

Branches:
Dungeon (8/15)             Temple (0/1) D:4
   Lair: D:8-11

Altars:
Elyvilon
Hepliaklqana
Ru
Sif Muna
Zin

Shops:
D:5

[[ ##...# ... #..###
... #.## O#.#O #.#
..... #.# ###.### #.#
#i# #O#### #.@..##
### ###...#####.#
#####......<..#
.####.............###
......###...##......#
#.....#..###..######
.###..........##
............#######
#...#..###.#.....#


You could see a two-headed ogre and a spriggan.


Message History

You kill the ice beast!
Trog accepts your kill. 😮 HP[+1]
You pick up a book of Storms {forbidden} and begin reading...
You add the spells Airstrike, Summon Lightning Spire and Lightning Bolt to your library. 😎 HP[+21]
Your hp is fully restored (48).
There is a stone staircase leading up here.
Key pressed, stopping explore.
c - 4 scrolls labelled KOXKAU NILEWO (gained 3) 2 two-headed ogres come into view.
The two-headed ogre shouts in stereo! x2; You hear a shout!
There are monsters nearby!
There are monsters nearby!
There are monsters nearby!
Your skin crawls.
You feel strong-willed.
A red film seems to cover your vision as you go berserk!
You feel yourself moving faster!
You feel mighty! 😎 HP[+24]
You now have 72 max hp (+24).
Your hp is fully restored (72).
You feel a strong urge to attack something.
You hit the two-headed ogre. You bite the two-headed ogre! You drain its power.
You hit the two-headed ogre.
The two-headed ogre hits you with a +0 giant spiked club!!
The two-headed ogre hits you with a +0 giant club! 😮 HP[-33] MP[-5]
You take 33 damage, and now have 39/72 hp.
MASSIVE DAMAGE!! (PAUSE)
You lost 5 mp, and now have 5/10 mp.
You hit the two-headed ogre. You bite the two-headed ogre! You drain its power.
You feel invigorated. 😮 HP[+1] MP[+5]
Your mp is fully restored (10).
You slash the two-headed ogre!
The two-headed ogre hits you with a +0 giant spiked club!
* * * LOW HITPOINT WARNING * * *
The two-headed ogre hits you with a +0 giant club!
* * * LOW HITPOINT WARNING * * *
A spriggan comes into view.
It is wielding a +0 short sword. 😱 HP[-22] MP[-5]
You take 22 damage, and now have 18/72 hp.
MASSIVE DAMAGE!! (PAUSE)
You lost 5 mp, and now have 5/10 mp.
You slash the two-headed ogre! You bite the two-headed ogre!
You drain its power.
You feel invigorated. 😨 HP[+1] MP[+5]
Your mp is fully restored (10).
You slash the two-headed ogre!
You kill the two-headed ogre!
Trog accepts your kill. 😨 HP[+1]
You now have 73 max hp (+1). 😨 HP[+2]
You regained 2 hp, and now have 22/73 hp.
You feel a strong urge to attack something. 😨 HP[+1] 😨 HP[+2]
You regained 2 hp, and now have 25/73 hp.
You feel your anger nearly subside.
You are no longer berserk.
You are exhausted.
You feel yourself slow down. 😨 HP[-7]
You now have 49 max hp (-24).
You feel the effects of Trog's Hand fading. 😨 HP[+3]
You regained 3 hp, and now have 21/49 hp. 😨 HP[+3]
You regained 3 hp, and now have 24/49 hp. 😮 HP[+3]
You regained 3 hp, and now have 27/49 hp. 😮 HP[+3]
You regained 3 hp, and now have 30/49 hp.
Your skin stops crawling.
You feel less strong-willed. The two-headed ogre closely misses you.
The two-headed ogre barely misses you. 😮 HP[+1] 😮 HP[+1] 😮 HP[+2]
You regained 2 hp, and now have 34/49 hp.
The two-headed ogre hits you with a +0 giant spiked club!
* * * LOW HITPOINT WARNING * * *
The two-headed ogre hits you with a +0 giant club!!
* * * LOW HITPOINT WARNING * * *
😱 HP[-26] MP[-7]
You take 26 damage, and now have 8/49 hp.
MASSIVE DAMAGE!! (PAUSE)
You lost 7 mp, and now have 3/10 mp. 😱 HP[+2]
You regained 2 hp, and now have 10/49 hp.
The two-headed ogre barely misses you.
The two-headed ogre hits you with a +0 giant club!
* * * LOW HITPOINT WARNING * * *
😱 HP[-6] MP[-2]
You take 6 damage, and now have 4/49 hp.
You lost 2 mp, and now have 1/10 mp.
Unknown command.
Your skin crawls.
You feel strong-willed.
The two-headed ogre hits you with a +0 giant spiked club!
You die...

Skill      XL: |  1  2  3  4  5  6  7  8  9 |
---------------+----------------------------+-----
Fighting       | 3 4 5 6 |  6.4
Axes           | 3 4 5 6 |  6.4
Armour         | 2 3 4 5 |  5.5
Dodging        | 2 3 4 5 |  5.5

Action                   |  1- 3 |  4- 6 |  7- 9 || total
-------------------------+-------+-------+-------++-------
Melee: Hand axe          |    73 |   205 |   206 ||   484
       Bite              |    13 |    47 |    62 ||   122
       Punch             |       |     2 |     4 ||     6
Invok: Berserk           |     2 |     3 |     8 ||    13
       Trog's Hand       |       |     2 |     7 ||     9
Armor: Plate armour      |    62 |   121 |   129 ||   312
       Animal skin       |     1 |       |       ||     1
Dodge: Dodged            |    34 |    78 |    88 ||   200

Levels and vault maps discovered:
D:1:      dpeg_arrival_pits, layout_rooms,
          chequers_ecumenical_altar_simple_redux, columned_hall_lemuel
D:2:      minmay_inner_zag, layout_loops_ring, uniq_jessica
D:3:      layout_loops_ring, serial_bayou_pond_b, skrybe_limestone_x,
          grunt_ministairs_9
D:4:      layout_basic, zin_statuary, minmay_temple_entry_mist, st_stairs_8,
          uniq_menkaure
D:5:      layout_loops_ring, mainiacjoe_overflow_large_starburst,
          mainiacjoe_overflow_surrounded_room, serial_shops,
          nicolae_shop_overgrown_old_shop, nicolae_shop_crystal
D:6:      layout_basic, minmay_misc_feat_alley
D:7:      layout_basic, led_sif_book
D:8:      old_forge, layout_rooms, overflow_temple_1_default,
          hellmonk_guarded_unrand_gyre_and_gimble

Notes
Turn   | Place    | Note
-------+----------+-------------------------------------------
     0 | D:1      | GrayStillPlays the Vine Stalker Berserker began the quest
                  | for the Orb.
     0 | D:1      | Reached XP level 1. HP: 11/11 MP: 2/2
     0 | D:1      | magus.rc [v1.9.6]
    35 | D:1      | Found a faded altar of an unknown god.
   694 | D:2      | Reached XP level 2. HP: 16/16 MP: 3/3
   800 | D:2      | HP: 3/16 [poisoned by an adder]
   801 | D:2      | Reached skill level 3 in Fighting
   801 | D:2      | Reached skill level 3 in Axes
   801 | D:2      | Reached XP level 3. HP: 3/20 MP: 0/4
   803 | D:2      | Reached skill level 2 in Armour
   803 | D:2      | Reached skill level 2 in Dodging
   810 | D:2      | HP: 1/20 [bat (1)]
  1322 | D:2      | Gained mutation: Your natural rate of healing is unusually
                  | fast. [Vine Stalker growth]
  1322 | D:2      | Reached XP level 4. HP: 24/24 MP: 5/5
  1335 | D:2      | Noticed Jessica
  1342 | D:2      | Killed Jessica
  2009 | D:3      | Reached XP level 5. HP: 27/28 MP: 4/6
  2038 | D:3      | Reached ** piety under Trog
  2154 | D:3      | HP: 5/28 [orc priest/divine providence (11)]
  2690 | D:3      | Reached XP level 6. HP: 33/33 MP: 7/7
  2965 | D:4      | Found a glowing silver altar of Zin.
  2976 | D:4      | Found a staircase to the Ecumenical Temple.
  2993 | D:4      | Noticed Menkaure
  3000 | D:4      | Killed Menkaure
  3001 | D:4      | Reached skill level 4 in Fighting
  3001 | D:4      | Reached skill level 3 in Armour
  3001 | D:4      | Reached skill level 3 in Dodging
  3306 | D:4      | Reached skill level 4 in Axes
  3468 | D:5      | Entered Level 5 of the Dungeon
  3550 | D:5      | Found Isizu's Antique Armour Emporium.
  3610 | D:5      | Found Ulausa's Antique Armour Boutique.
  3649 | D:5      | Found a sacrificial altar of Ru.
  3652 | D:5      | Found a hazy altar of Hepliaklqana.
  3824 | D:5      | Found a white marble altar of Elyvilon.
  3919 | D:5      | Reached XP level 7. HP: 37/37 MP: 8/8
  4276 | D:6      | HP: 9/38 [white imp (2)]
  4491 | D:6      | You add the spells Ozocubu's Armour and Ozocubu's
                  | Refrigeration to your library.
  4519 | D:6      | Gained mutation: You have razor-sharp teeth. [Vine Stalker
                  | growth]
  4519 | D:6      | Reached XP level 8. HP: 33/42 MP: 7/9
  4530 | D:6      | HP: 10/42 [gnoll sergeant (6)]
  4536 | D:6      | Reached skill level 4 in Armour
  4536 | D:6      | Reached skill level 4 in Dodging
  4998 | D:7      | Found a shimmering blue altar of Sif Muna.
  5054 | D:7      | Reached skill level 5 in Fighting
  5063 | D:7      | HP: 1/43 [orc warrior (13)]
  5068 | D:7      | Reached skill level 5 in Axes
  5071 | D:7      | HP: 9/64 [something (2)]
  5614 | D:7      | Reached *** piety under Trog
  5687 | D:7      | Noticed a hornet
  5694 | D:7      | Killed a hornet
  5763 | D:7      | Noticed a troll
  5769 | D:7      | Killed a troll
  5770 | D:7      | Reached XP level 9. HP: 48/48 MP: 10/10
  5842 | D:7      | Reached skill level 5 in Armour
  5842 | D:7      | Reached skill level 5 in Dodging
  6418 | D:8      | Reached skill level 6 in Fighting
  6420 | D:8      | Reached skill level 6 in Axes
  7085 | D:8      | You pick up a book of Storms {forbidden} and begin
                  | reading...
  7085 | D:8      | You add the spells Airstrike, Summon Lightning Spire and
                  | Lightning Bolt to your library.
  7126 | D:8      | Noticed a two-headed ogre
  7126 | D:8      | Noticed a two-headed ogre
  7135 | D:8      | HP: 18/72 [two-headed ogre (14)]
  7137 | D:8      | Killed a two-headed ogre
  7149 | D:8      | HP: 8/49 [two-headed ogre (14)]
  7152 | D:8      | Slain by a two-headed ogre

Vanquished Creatures
  A two-headed ogre (D:8)
  A troll (D:7)
  A hornet (D:7)
  Menkaure (D:4)
  An orc warrior (D:7)
  An ice beast (D:8)
  A sky beast (D:8)
  A phantom (D:5)
  A kobold brigand (D:7)
  A gnoll sergeant (D:6)
  A wyvern zombie (D:5)
  2 bullfrogs
  A scorpion (D:5)
  4 wights (D:7)
  A centaur zombie (D:6)
  2 jellies (D:7)
  2 orc priests
  A centaur skeleton (D:6)
  3 hounds (D:6)
  Jessica (D:2)
  2 iguanas
  3 orc wizards
  A killer bee zombie (D:7)
  3 gnolls (D:6)
  9 adders
  2 shadow imps (D:6)
  3 white imps
  A dart slug (D:3)
  3 worms
  14 orcs
  3 ball pythons
  5 bats
  4 endoplasms
  A giant cockroach (D:2)
  7 goblins
  2 hobgoblins (D:3)
  14 kobolds
  8 quokkas
  6 frilled lizards
  5 rats
124 creatures vanquished.

Vanquished Creatures (others)
  2 plants (D:3)
2 creatures vanquished.

Grand Total: 126 creatures vanquished

Table legend:
 A = Non-vault XP
 B = Vault XP
 C = Vault XP percentage of total XP
 D = Non-vault monster count
 E = Vault monster count
 F = Vault count percentage of total count
                 A         B        C        D         E       F
            +---------+---------+-------+---------+---------+-------
      Total |    2689 |    1076 |  28.6 |     111 |      13 |  10.5
            +---------+---------+-------+---------+---------+-------
        D:1 |       9 |       0 |   0.0 |       6 |       0 |   0.0
        D:2 |      83 |      68 |  45.0 |      27 |       5 |  15.6
        D:3 |     141 |      20 |  12.4 |      26 |       5 |  16.1
        D:4 |      23 |     177 |  88.5 |       6 |       2 |  25.0
        D:5 |     296 |       0 |   0.0 |       4 |       0 |   0.0
        D:6 |     514 |       0 |   0.0 |      15 |       0 |   0.0
        D:7 |    1288 |       0 |   0.0 |      19 |       0 |   0.0
        D:8 |     335 |     811 |  70.8 |       8 |       1 |  11.1
            +---------+---------+-------+---------+---------+-------

Illustrated notes

Table legend:
 A = Kills in this place as a percentage of kills in entire the game.
 B = Kills by you in this place as a percentage of kills by you in the entire game.
 C = Kills by friends in this place as a percentage of kills by friends in the entire game.
 D = Other kills in this place as a percentage of other kills in the entire game.
 E = Experience gained in this place as a percentage of experience gained in the entire game.
 F = Experience gained in this place divided by the number of levels of this place that you have seen.
                   A       B       C       D       E      F
               +-------+-------+-------+-------+-------+----------------------
         Total | 100.0 | 100.0 |   N/A |   N/A | 100.0 | 470.6
       Dungeon | 100.0 | 100.0 |   N/A |   N/A | 100.0 | 470.6
               +-------+-------+-------+-------+-------+----------------------

Table legend: (Time is in decaauts)
 A = Elapsed time spent in this place.
 B = Non-inter-level travel time spent in this place.
 C = Inter-level travel time spent in this place.
 D = Time resting spent in this place.
 E = Time spent auto-exploring this place.
 F = Levels seen in this place.
 G = Mean time per level.
                   A        B        C        D        E       F      G
               +--------+--------+--------+--------+--------+-----+--------+
         Total |   7322 |   6940 |    382 |   1289 |   4602 |   8 |  915.2 |
       Dungeon |   7322 |   6940 |    382 |   1289 |   4602 |   8 |  915.2 |
               +--------+--------+--------+--------+--------+-----+--------+

Top non-repeatable levels by time:
     D:7: 1498 daAuts
     D:2: 1354 daAuts
     D:3: 960 daAuts
     D:6: 871 daAuts
     D:8: 773 daAuts
     D:1: 689 daAuts
     D:5: 633 daAuts
     D:4: 541 daAuts
